 Dungeon Sprint DCSS version 0.31-a0-845-g9abc20d24f (webtiles) character file.

Game seed: 9436348677454411833

92 sircluck the Ruffian (level 4, -2/49 HPs)
             Began as a Troll Berserker on Oct 2, 2023.
             Was a High Priest of Trog.
             Slain by a warg (7 damage)
             ... in the Dungeon (Sprint VII: "The Pits").
             The game lasted 00:00:27 (255 turns).

sircluck the Ruffian (Troll Berserker)               Turns: 255, Time: 00:00:27

Health: -2/49      AC:  4    Str: 27    XL:     4   Next: 35%
Magic:  3/3        EV: 10    Int:  3    God:    Trog [*****.]
Gold:   0          SH:  0    Dex:  9    Spells: 3/3 levels left

rFire   . .          .
                       - Unarmed
rCold   . . .        (no shield)
rNeg    . . .        a - +0 animal skin
rPois   .            (helmet restricted)
rElec   .            (no cloak)
rCorr   .            (gloves unavailable)
SInv    .            (boots unavailable)
Will    .....        (no amulet)
Stlth   +            (no ring)
HPRegen 1.08/turn    (no ring)
MPRegen 0.08/turn

%: no teleportation
@: no status effects
A: large, unfitting armour, claws 3, regeneration 1, shaggy fur 1, tough skin 1
a: Renounce Religion, Berserk, Trog's Hand, Brothers in Arms


You were in the Dungeon.
You worshipped Trog.
Trog was extremely pleased with you.
You visited 1 branch

Inventory:

Armour
 a - a +0 animal skin (worn)
Scrolls
 g - a scroll of blinking
 i - 2 scrolls of vulnerability
 j - a scroll of butterflies
Potions
 b - 6 potions of curing
 c - 6 potions of heal wounds
 d - a potion of haste
 e - 4 potions of magic
 f - 3 potions of berserk rage
 h - 2 potions of invisibility


   Skills:
 + Level 4.8 Fighting
 + Level 4.8 Dodging
 + Level 5.8 Unarmed Combat


You had 3 spell levels left.
You didn't know any spells.
Your spell library was empty.

Dungeon Overview and Level Annotations

Branches:
Dungeon (1/1)

Altars:
Ashenzari
Cheibriados
Dithmenos
Elyvilon
Fedhas
Gozag
Hepliaklqana
Kikubaaqudgha
Makhleb
Nemelex Xobeh
Okawaru
Qazlal
Ru
Sif Muna
Trog
Uskayaw
Vehumet
Wu Jian
Xom
Yredelemnul
Zin
The Shining One
Jiyva
Lugonu


Innate Abilities, Weirdness & Mutations

You are too large for most types of armour.
You have claws for hands.
Your natural rate of healing is unusually fast.
You are covered in fur. (AC +1)
You have tough skin. (AC +1)


Message History

The jackal closely misses you. The endoplasm hits you.
You claw the endoplasm!
You kill the endoplasm!
Trog accepts your kill.
Trog will now gift you melee weapons as you gain piety.
The jackal barely misses you. The jackal misses you.
You see here a river rat corpse.
The jackal attacks as it pursues you! The jackal barely misses you.
A warg comes into view.
The jackal attacks as it pursues you! The jackal closely misses you.
The jackal completely misses you.
You claw the jackal!
You kill the jackal!
Trog accepts your kill.
The iron imp hits you but does no damage.
You claw the iron imp!
The iron imp is severely wounded.
The warg bites you!
You scratch the iron imp.
The iron imp is almost dead.
The iron imp misses you. The warg barely misses you.
You claw the iron imp!
You kill the iron imp!
Trog accepts your kill. The warg bites you!
You have reached level 4!
Unknown command.
Unknown command.
You barely miss the warg. The warg closely misses you.
You claw the warg!
The warg is moderately wounded.
The warg bites you!
* * * LOW HITPOINT WARNING * * *
The warg bites you.
* * * LOW HITPOINT WARNING * * *
You claw the warg!
The warg is heavily wounded.
The warg bites you!
You die...

#†#........##.....
#.#........##.....
#'###########.....
#.......# ######
#†###...#
#†#.....# #.#...#
#.....# #@h.###.#
#.......+
#########


You could see a warg.

Vanquished Creatures
  An iron imp (D)
  3 adders (D)
  A river rat (D)
  A white imp (D)
  An adder zombie (D)
  An adder skeleton (D)
  An endoplasm (D)
  2 giant cockroaches (D)
  4 jackals (D)
  A quokka (D)
  A frilled lizard (D)
17 creatures vanquished.

Notes
Turn   | Place    | Note
-------+----------+-------------------------------------------
     0 | D        | sircluck the Troll Berserker began the quest for the Orb.
     0 | D        | Reached XP level 1. HP: 22/22 MP: 0/0
    74 | D        | Found a bloodstained altar of Trog.
    74 | D        | Found a shimmering blue altar of Sif Muna.
    74 | D        | Found a viscous altar of Jiyva.
    74 | D        | Found a hazy altar of Hepliaklqana.
    74 | D        | Found an opulent altar of Gozag.
    75 | D        | Found a glowing golden altar of the Shining One.
    75 | D        | Found a glowing silver altar of Zin.
    75 | D        | Found a basalt altar of Yredelemnul.
    75 | D        | Found a shimmering altar of Xom.
    75 | D        | Found an ornate altar of the Wu Jian Council.
    75 | D        | Found a sacrificial altar of Ru.
    75 | D        | Found a stormy altar of Qazlal.
    75 | D        | Found an iron altar of Okawaru.
    75 | D        | Found a sparkling altar of Nemelex Xobeh.
    75 | D        | Found a burning altar of Makhleb.
    75 | D        | Found a blossoming altar of Fedhas.
    75 | D        | Found a white marble altar of Elyvilon.
    75 | D        | Found a shadowy altar of Dithmenos.
    75 | D        | Found a snail-covered altar of Cheibriados.
    79 | D        | Found a corrupted altar of Lugonu.
    79 | D        | Found a radiant altar of Vehumet.
    80 | D        | Found a broken altar of Ashenzari.
    80 | D        | Found an ancient bone altar of Kikubaaqudgha.
    80 | D        | Found a hide-covered altar of Uskayaw.
   123 | D        | Reached ** piety under Trog
   130 | D        | Reached skill level 4 in Unarmed Combat
   130 | D        | Reached XP level 2. HP: 31/31 MP: 1/1
   148 | D        | Reached XP level 3. HP: 33/39 MP: 2/2
   155 | D        | Reached *** piety under Trog
   227 | D        | Reached **** piety under Trog
   228 | D        | Reached skill level 5 in Unarmed Combat
   242 | D        | Reached ***** piety under Trog
   246 | D        | Noticed a warg
   253 | D        | Reached XP level 4. HP: 18/49 MP: 3/3
   255 | D        | Slain by a warg

Illustrated notes

Levels and vault maps discovered:
D:        pitsprint [storerooms_1, entrance_room_1, metal_vault_3, armoury_2,
          mini_pit_1, grid_room_1, main_hall_1, silver_pit, the_coven_1,
          the_vestibule_1, steel_vault_1, golden_pit, hallway_of_sentries,
          crystal_vault_4, iron_vault_2, final_vault]

Skill      XL: |  1  2  3 |
---------------+----------+-----
Fighting       | 3 4 |  4.8
Dodging        | 3 4 |  4.8
Unarmed Combat | 4 5 |  5.8

Action                     |  1- 3 |  4- 6 || total
---------------------------+-------+-------++-------
  Melee: Unarmed           |    39 |     3 ||    42
 Armour: Animal skin       |    35 |     3 ||    38
  Dodge: Dodged            |    33 |     1 ||    34

Table legend: (Time is in decaauts)
 A = Elapsed time spent in this place.
 B = Non-inter-level travel time spent in this place.
 C = Inter-level travel time spent in this place.
 D = Time resting spent in this place.
 E = Time spent auto-exploring this place.
 F = Levels seen in this place.
 G = Mean time per level.
                   A        B        C        D        E       F      G
               +--------+--------+--------+--------+--------+-----+--------+
         Total |    251 |    251 |      0 |      0 |     81 |   1 |  251.0 |
       Dungeon |    251 |    251 |      0 |      0 |     81 |   1 |  251.0 |
               +--------+--------+--------+--------+--------+-----+--------+

Top non-repeatable levels by time:
       D: 251 daAuts
